[Event "Titled Tuesday Blitz January 31 Early 2023"]
[White "Yeletsky, Ivan"]
[Black "Ambartsumova, Karina"]
[WhiteFideId "24180327"]
[BlackFideId "4166299"]
[WhiteElo "2494"]
[BlackElo "2393"]
[Result "1-0"]
[Round "02"]
[TimeControl "180+2"]
[Date "2023.01.31"]
[WhiteClock "0:00:06"]
[BlackClock "0:00:01"]

1. d4 Nf6 2. c4 e6 3. g3 d5 4. Bg2 dxc4 5. Nf3 Nc6 6. Qa4 Bb4+ 7. Bd2 Bd6 8. Na3 Bxa3 9. Qxa3 Ne4 10. Bf4 Nd6 11. O-O O-O 12. Rfd1 Qe7 13. Ne5 Bd7 14. Rac1 Rfe8 15. Nxc4 Nxc4 16. Qxe7 Rxe7 17. Rxc4 Rc8 18. Rdc1 f6 19. Bd2 Be8 20. e3 Nd8 21. Bb4 Rd7 22. Ba5 c6 23. h4 Bf7 24. R4c2 Re7 25. a3 Ra8 26. Bb4 Re8 27. Bc3 Bg6 28. Rd2 Nf7 29. Kh2 Nd6 30. f3 Rad8 31. Re1 Rd7 32. g4 h5 33. g5 Kf7 34. a4 Red8 35. e4 Nc4 36. Rde2 e5 37. dxe5 Nxe5 38. gxf6 gxf6 39. Kg3 Rd3 40. Re3 Nc4 41. Rxd3 Rxd3 42. Bf1 Rxc3 43. bxc3 Ne5 44. a5 Ke6 45. Rb1 b5 46. axb6 axb6 47. Rxb6 Kd6 48. Rb7 Be8 49. Rg7 Bd7 50. f4 Ng4 51. Be2 c5 52. f5 1-0


[Site "https://www.chess.com"]

[Event "Titled Tuesday Blitz January 31 Early 2023"]
[White "Moroni, Luca Jr"]
[Black "Odegov, Artem"]
[WhiteFideId "865834"]
[BlackFideId "34183644"]
[WhiteElo "2535"]
[BlackElo "2261"]
[Result "1-0"]
[Round "02"]
[TimeControl "180+2"]
[Date "2023.01.31"]
[WhiteClock "0:00:06"]
[BlackClock "0:00:04"]

1. c4 e6 2. Nc3 d5 3. d4 c5 4. cxd5 exd5 5. Nf3 Nc6 6. g3 Nf6 7. Bg2 Be7 8. O-O O-O 9. b3 Ne4 10. Bb2 Bf6 11. e3 Bg4 12. h3 Bxf3 13. Bxf3 cxd4 14. Nxe4 dxe4 15. Bxe4 dxe3 16. Qxd8 exf2+ 17. Rxf2 Bxd8 18. Rc2 Bb6+ 19. Kg2 Rac8 20. Rac1 Rfe8 21. Bxc6 bxc6 22. Rxc6 Rcd8 23. R1c2 f6 24. b4 Rd3 25. Rc8 Rxc8 26. Rxc8+ Kf7 27. Rc2 h5 28. a4 Rb3 29. a5 Bd8 30. Bc3 Be7 31. a6 Ra3 32. b5 Rb3 33. Bd4 Rxb5 34. Rc7 Ra5 35. Rxa7 Ke6 36. Ra8 g5 37. a7 Ra2+ 38. Kf1 Ra4 39. Rb8 Bd6 40. a8=Q Bxb8 41. Qxa4 1-0


[Site "https://www.chess.com"]

[Event "Titled Tuesday Blitz January 31 Early 2023"]
[White "Gokerkan, Cem Kaan"]
[Black "Weetik, Vjacheslav"]
[WhiteFideId "6336760"]
[BlackFideId "4153472"]
[WhiteElo "2500"]
[BlackElo "2423"]
[Result "1-0"]
[Round "02"]
[TimeControl "180+2"]
[Date "2023.01.31"]
[WhiteClock "0:00:41"]
[BlackClock "0:00:03"]

1. e4 c6 2. d4 d5 3. e5 Bf5 4. h4 Qb6 5. Nc3 h5 6. Bd3 Bxd3 7. Qxd3 e6 8. Nge2 Ne7 9. Ng3 Nd7 10. O-O g6 11. Bg5 Bh6 12. Bxh6 Rxh6 13. Na4 Qa5 14. b3 Rh8 15. Qe3 Nf5 16. Qf4 Qd8 17. Nxf5 gxf5 18. g3 Rg8 19. f3 Qc7 20. c4 dxc4 21. bxc4 f6 22. Rae1 fxe5 23. dxe5 O-O-O 24. Re2 Qa5 25. Nb2 Nc5 26. Kh2 Qc3 27. Rff2 Rg6 28. Rc2 Qa3 29. Rcd2 Rdg8 30. Rg2 Qc3 31. Nd1 Qa3 32. Nf2 Qc3 33. Nh3 Nd3 34. Qe3 Qxe5 35. Rxd3 Qc7 36. Ng5 e5 37. Qxa7 1-0


[Site "https://www.chess.com"]

[Event "Titled Tuesday Blitz January 31 Early 2023"]
[White "Subelj, Jan"]
[Black "Jones, Gawain C B"]
[WhiteFideId "14618583"]
[BlackFideId "409561"]
[WhiteElo "2513"]
[BlackElo "2618"]
[Result "0-1"]
[Round "02"]
[TimeControl "180+2"]
[Date "2023.01.31"]
[WhiteClock "0:00:56"]
[BlackClock "0:01:54"]

1. e4 e5 2. Nf3 Nc6 3. Bb5 a6 4. Ba4 Nf6 5. d3 d6 6. O-O g6 7. c3 Bg7 8. Re1 O-O 9. Nbd2 h6 10. h3 Nh7 11. Nf1 f5 12. Ne3 f4 13. Nd5 Ne7 14. Bb3 Nxd5 15. Bxd5+ Kh8 16. d4 g5 17. Bb3 g4 18. hxg4 Bxg4 19. Qd3 Qe8 20. Bd1 Bf6 21. Nh2 Bxd1 22. Qxd1 Rg8 23. Ng4 Qg6 24. f3 h5 0-1


[Site "https://www.chess.com"]

[Event "Titled Tuesday Blitz January 31 Early 2023"]
[White "Grigoriants, Sergey"]
[Black "Aggelis, Nikolaos"]
[WhiteFideId "4130804"]
[BlackFideId "4213220"]
[WhiteElo "2562"]
[BlackElo "2270"]
[Result "1-0"]
[Round "02"]
[TimeControl "180+2"]
[Date "2023.01.31"]
[WhiteClock "0:00:27"]
[BlackClock "0:00:27"]

1. d4 d5 2. c4 dxc4 3. e3 e5 4. Bxc4 exd4 5. exd4 Nf6 6. Nf3 Bd6 7. O-O O-O 8. Bg5 Bg4 9. h3 Bh5 10. Nc3 h6 11. Bh4 Nc6 12. g4 Bg6 13. Re1 Be7 14. Ne5 Nxe5 15. dxe5 Nh7 16. Qxd8 Bxd8 17. Bg3 c6 18. f4 b5 19. Bf1 Bb6+ 20. Kh2 f5 21. Bg2 Rac8 22. Rad1 b4 23. Na4 fxg4 24. hxg4 Bc2 25. Nxb6 axb6 26. Rd6 Ba4 27. f5 Rfd8 28. b3 Bb5 29. Red1 Rxd6 30. Rxd6 Ng5 31. e6 Ra8 32. e7 Kf7 33. Rd8 1-0


[Site "https://www.chess.com"]

[Event "Titled Tuesday Blitz January 31 Early 2023"]
[White "Gorodetzky, David"]
[Black "Aldokhin, Ivan"]
[WhiteFideId "2813416"]
[BlackFideId "24115720"]
[WhiteElo "2485"]
[BlackElo "2413"]
[Result "1-0"]
[Round "02"]
[TimeControl "180+2"]
[Date "2023.01.31"]
[WhiteClock "0:00:08"]
[BlackClock "0:00:01"]

1. d4 Nf6 2. c4 g6 3. Nc3 Bg7 4. e4 d6 5. Nf3 O-O 6. Be2 Nc6 7. O-O Re8 8. d5 Nb4 9. a3 Na6 10. Be3 e6 11. Qc2 exd5 12. cxd5 Nc5 13. Bxc5 dxc5 14. e5 Nxd5 15. Rad1 c6 16. Nxd5 cxd5 17. Qxc5 Be6 18. Qb5 Qb6 19. Qxb6 axb6 20. Bb5 Rec8 21. Rd2 Rc5 22. a4 Bg4 23. b4 Rc3 24. Ng5 Bxe5 25. Rxd5 Bg7 26. h3 Bf5 27. Bd7 Bc2 28. Re1 Bf6 29. Ne4 Bxe4 30. Rxe4 Rd8 31. g3 Kf8 32. Rf4 Ke7 33. Rd1 Rc7 34. Re1+ Kf8 35. Rxf6 Rdxd7 36. Rxb6 Rd4 37. a5 Rd2 38. Re3 Rb2 39. h4 h5 40. Kg2 Kg7 41. Rf3 Rd7 42. Rf4 Rc7 43. b5 Rd7 44. Rf3 Rc7 45. Kf1 Rd7 46. Re3 Rc7 47. Re2 Rb1+ 48. Kg2 Rb4 49. Ra2 Rc5 50. Rxb7 Rcxb5 51. Rxb5 Rxb5 52. a6 Rb8 53. a7 Ra8 54. Kf3 Kf6 55. Ke4 Ke6 56. Ra6+ Ke7 57. Ke5 f6+ 58. Rxf6 Rxa7 59. Rxg6 Ra2 60. f4 Ra3 61. Kf5 Kf7 62. Rg5 Rb3 63. Ke4 Ra3 64. f5 Ra4+ 65. Kf3 Ra3+ 66. Kg2 Kf6 67. Rxh5 Rb3 68. Kh3 Ra3 69. Rg5 Rb3 70. Rg8 Kxf5 71. h5 Kf6 72. Kh4 Rb1 73. Rg6+ Kf5 74. g4+ Kf4 75. Rf6+ Ke5 76. Rf8 Ke6 77. h6 Ke7 78. Rf3 1-0


[Site "https://www.chess.com"]

[Event "Titled Tuesday Blitz January 31 Early 2023"]
[White "Baskakov, Egor"]
[Black "Sielecki, Christof"]
[WhiteFideId "24197866"]
[BlackFideId "4620437"]
[WhiteElo "2215"]
[BlackElo "2419"]
[Result "1-0"]
[Round "02"]
[TimeControl "180+2"]
[Date "2023.01.31"]
[WhiteClock "0:00:12"]
[BlackClock "0:00:02"]

1. e4 c5 2. Nf3 a6 3. c4 Nc6 4. Nc3 e5 5. d3 d6 6. g3 Rb8 7. Bg2 b5 8. h3 Nf6 9. O-O Be7 10. Re1 O-O 11. Nd5 Be6 12. Nxe7+ Qxe7 13. b3 Nd7 14. Nh4 Nd4 15. Nf3 Nxf3+ 16. Qxf3 bxc4 17. dxc4 Rb6 18. Rd1 Nb8 19. Qd3 Rd8 20. Bd2 Nc6 21. f4 f6 22. f5 Bf7 23. g4 Rd7 24. h4 Nd4 25. g5 Bh5 26. Re1 Ra7 27. Rab1 a5 28. Kh2 Qb7 29. Qg3 Kh8 30. a4 Qf7 31. Re3 Rb8 32. Bf1 Qc7 33. Bd3 Rab7 34. Rg1 Qf7 35. Bxa5 Rxb3 36. Rg2 Ra3 37. Bd2 Rxa4 38. Rf2 Ra2 39. Kh3 Rbb2 40. Be1 Rxf2 41. Bxf2 Ra3 42. Bf1 Rxe3 43. Qxe3 Qa7 44. Bg3 Qa2 45. gxf6 Qa7 46. Qg5 1-0


[Site "https://www.chess.com"]

[Event "Titled Tuesday Blitz January 31 Early 2023"]
[White "Kamsky, Gata"]
[Black "Zhu, Jiner"]
[WhiteFideId "2000024"]
[BlackFideId "8608059"]
[WhiteElo "2665"]
[BlackElo "2507"]
[Result "1/2-1/2"]
[Round "02"]
[TimeControl "180+2"]
[Date "2023.01.31"]
[WhiteClock "0:00:46"]
[BlackClock "0:01:45"]

1. e4 c5 2. Nf3 e6 3. d4 cxd4 4. Nxd4 a6 5. Bd3 Bc5 6. Nb3 Ba7 7. Qe2 Nc6 8. Be3 Nge7 9. Bxa7 Rxa7 10. f4 O-O 11. N1d2 b5 12. c3 e5 13. f5 f6 14. c4 bxc4 15. Bxc4+ Kh8 16. Rd1 a5 17. a4 Nb4 18. O-O d5 19. exd5 Nexd5 20. Qf2 1/2-1/2


[Site "https://www.chess.com"]

[Event "Titled Tuesday Blitz January 31 Early 2023"]
[White "Reprintsev, Alexander"]
[Black "Yuan, Qingyu"]
[WhiteFideId "14100541"]
[BlackFideId "8609772"]
[WhiteElo "2253"]
[BlackElo "2373"]
[Result "1-0"]
[Round "02"]
[TimeControl "180+2"]
[Date "2023.01.31"]
[WhiteClock "0:01:36"]
[BlackClock "0:01:41"]

1. e4 e5 2. f4 d5 3. exd5 exf4 4. Nf3 Nf6 5. Bb5+ c6 6. dxc6 Nxc6 7. Nc3 Bd6 8. Qe2+ Be7 9. d4 O-O 10. Bxc6 bxc6 11. Bxf4 Qxd4 12. Nxd4 Bc5 13. Nb3 Bb4 14. O-O-O Bg4 15. Qc4 Bxc3 16. Qxc3 Bxd1 17. Rxd1 Rac8 18. Be5 Nd5 19. Qg3 f6 20. Bd4 Rf7 21. c4 Ne7 22. Bc5 Ng6 23. Nd4 Ne5 24. Nf5 Kh8 25. Nd6 Rfc7 26. Nxc8 Rxc8 27. b3 Ng6 28. Bxa7 Kg8 29. Bb6 Ra8 30. Rd8+ Rxd8 31. Bxd8 Kf7 32. Qc7+ Ke8 33. Bxf6 gxf6 34. Qxh7 Ne5 35. a4 Nd7 36. Qxd7+ Kxd7 37. h4 Ke7 38. Kd2 Kf7 39. a5 Kg6 40. a6 Kh5 41. a7 c5 42. a8=Q f5 43. Qf3+ Kg6 44. Qf4 Kf6 45. g4 Kg6 46. Qxf5+ Kh6 47. Qxc5 Kg6 48. Qd6+ Kg7 49. g5 1-0


[Site "https://www.chess.com"]

[Event "Titled Tuesday Blitz January 31 Early 2023"]
[White "Tica, Sven"]
[Black "Ter-Sahakyan, Samvel"]
[WhiteFideId "14526948"]
[BlackFideId "13302531"]
[WhiteElo "2431"]
[BlackElo "2617"]
[Result "0-1"]
[Round "02"]
[TimeControl "180+2"]
[Date "2023.01.31"]
[WhiteClock "0:01:30"]
[BlackClock "0:00:55"]

1. e4 c5 2. Nc3 d6 3. f4 g6 4. Nf3 Bg7 5. Bb5+ Bd7 6. Bc4 Nc6 7. O-O e6 8. d3 Nge7 9. f5 exf5 10. Qe1 h6 11. Qh4 Be6 12. exf5 Nxf5 13. Qe4 Qd7 14. Re1 Ncd4 15. g4 Nxf3+ 16. Qxf3 Nd4 17. Qg2 O-O 18. Be3 Bxg4 19. Bd5 Rae8 20. Bf2 Nxc2 21. Rxe8 Rxe8 22. Rc1 Ne3 23. Bxe3 Rxe3 24. Bxb7 Bd4 25. Kh1 Bh3 26. Qd5 Qg4 27. Rg1 Qxg1+ 0-1


[Site "https://www.chess.com"]

[Event "Titled Tuesday Blitz January 31 Early 2023"]
[White "Kravtsiv, Martyn"]
[Black "Atanasov, Anthony"]
[WhiteFideId "14113147"]
[BlackFideId "2623897"]
[WhiteElo "2598"]
[BlackElo "2368"]
[Result "1-0"]
[Round "02"]
[TimeControl "180+2"]
[Date "2023.01.31"]
[WhiteClock "0:02:51"]
[BlackClock "0:01:57"]

1. e4 e5 2. Nf3 Nf6 3. Nc3 Nc6 4. a4 a6 5. d4 exd4 6. Nxd4 Nxe4 7. Nxe4 Qe7 8. Ra3 d5 9. Bg5 f6 10. Bxf6 gxf6 11. Qh5+ Qf7 12. Nxf6+ Ke7 13. Re3+ Kxf6 14. Rf3+ 1-0


[Site "https://www.chess.com"]

[Event "Titled Tuesday Blitz January 31 Early 2023"]
[White "Bhambure, Shantanu"]
[Black "Samunenkov, Ihor"]
[WhiteFideId "5025931"]
[BlackFideId "14187086"]
[WhiteElo "2336"]
[BlackElo "2501"]
[Result "0-1"]
[Round "02"]
[TimeControl "180+2"]
[Date "2023.01.31"]
[WhiteClock "0:00:01"]
[BlackClock "0:00:07"]

1. d4 d5 2. c4 e6 3. Nc3 a6 4. cxd5 exd5 5. Nf3 Nf6 6. Bg5 Be6 7. e3 Nbd7 8. Bd3 Bd6 9. O-O c6 10. Bf4 Qc7 11. Qd2 O-O 12. Rac1 Rfe8 13. h3 Nb6 14. Bxd6 Qxd6 15. Ne5 Nfd7 16. f4 f6 17. Nf3 c5 18. Rfd1 Bf7 19. Qf2 cxd4 20. Nxd4 Nc5 21. Bb1 Nc4 22. Re1 b5 23. a3 Rac8 24. Rcd1 Rcd8 25. Nf5 Qb6 26. Qg3 Bg6 27. Nxd5 Qb7 28. Nde7+ Kf7 29. Rxd8 Rxd8 30. Ba2 Qe4 31. Bxc4+ bxc4 32. Nxg6 Qxf5 33. Nh4 Qc2 34. f5 Ne4 35. Qc7+ Ke8 36. Qc6+ Kf7 37. Qc7+ Ke8 38. Qc6+ Kf8 39. Rf1 Rd2 40. Qc8+ Ke7 41. Qc7+ Rd7 42. Qc6 Qd3 43. Nf3 Qxe3+ 44. Kh1 Ng3+ 45. Kh2 Nxf1+ 0-1


[Site "https://www.chess.com"]

[Event "Titled Tuesday Blitz January 31 Early 2023"]
[White "Yelisieiev, Yevhenii"]
[Black "Pakleza, Zbigniew"]
[WhiteFideId "14139642"]
[BlackFideId "1119290"]
[WhiteElo "2418"]
[BlackElo "2494"]
[Result "1-0"]
[Round "02"]
[TimeControl "180+2"]
[Date "2023.01.31"]
[WhiteClock "0:00:56"]
[BlackClock "0:00:02"]

1. d4 d6 2. Nf3 Bg4 3. c4 c6 4. Nc3 Nf6 5. g3 Bxf3 6. exf3 e6 7. Bg2 d5 8. O-O Be7 9. f4 O-O 10. f5 dxc4 11. fxe6 fxe6 12. Re1 Nd5 13. Rxe6 Nb4 14. Qe2 Rf7 15. Bg5 Bxg5 16. Re8+ Qxe8 17. Qxe8+ Rf8 18. Qe6+ Rf7 19. Qc8+ Rf8 20. Qxb7 N8a6 21. h4 Bf6 22. Rd1 Rab8 23. Qd7 Kh8 24. Qe6 Nc7 25. Qxc4 Nc2 26. Bxc6 Nxd4 27. Rxd4 Bxd4 28. Qxd4 Rxb2 29. Ne4 Rxa2 30. Qd6 Rc8 31. Qd7 Rg8 32. Qxc7 Rc2 33. Ng5 Rf8 34. Ne4 a5 35. Qd6 Rc8 36. Bd5 a4 37. Ng5 Rc1+ 38. Kg2 h6 39. Nf7+ Kh7 40. Be4+ Kg8 41. Qg6 Kf8 42. Bd5 R1c7 43. Nd6 Rd8 44. Qf5+ Ke7 45. Qe6+ Kf8 46. Nf5 1-0


[Site "https://www.chess.com"]

[Event "Titled Tuesday Blitz January 31 Early 2023"]
[White "Galchenko, Matvey"]
[Black "Kopczynski, Michal"]
[WhiteFideId "24175480"]
[BlackFideId "1124200"]
[WhiteElo "2438"]
[BlackElo "2225"]
[Result "0-1"]
[Round "02"]
[TimeControl "180+2"]
[Date "2023.01.31"]
[WhiteClock "0:00:10"]
[BlackClock "0:00:07"]

1. f4 d6 2. Nf3 g6 3. d3 Bg7 4. Nc3 c5 5. g3 Nc6 6. Bg2 e6 7. O-O Nge7 8. e4 O-O 9. h3 d5 10. Qe1 f5 11. g4 e5 12. exd5 fxg4 13. Nxe5 gxh3 14. Bf3 Nd4 15. Bd1 Nxd5 16. Qg3 Bxe5 17. fxe5 Rxf1+ 18. Kxf1 Nf5 19. Qf2 Be6 20. Ne4 Qh4 21. Qxh4 Nxh4 22. Kg1 b6 23. Bg5 Nf5 24. Bg4 Nd4 25. Bxe6+ Nxe6 26. Bh6 Nd4 27. Rf1 Nxc2 28. e6 Nce3 29. Rf7 h2+ 30. Kh1 Nf5 31. Bg5 Rf8 32. Rxa7 Re8 33. Kxh2 Rxe6 34. Kh3 Re8 35. Bd2 Re7 36. Ra6 Kf7 37. Ng5+ Kg7 38. Ne4 h6 39. Kg4 h5+ 40. Kg5 Nd4 41. Kh4 Nf3+ 42. Kg3 Nxd2 43. Nxd2 Re3+ 44. Kf2 Rxd3 45. Ne4 Rd4 46. Ra7+ Kh6 47. Nd6 Rd2+ 48. Kg3 Rxb2 49. Nf7+ Kg7 50. Ne5+ Kf6 51. Nc4 Rc2 52. Nd6 Rc3+ 53. Kf2 Ke5 54. Nf7+ Ke4 55. Nd6+ Kd4 56. Nb5+ Kc4 57. Nxc3 Nxc3 58. Kg3 b5 59. Kf4 b4 60. Kg5 Kd3 61. Kxg6 h4 62. Rh7 Nxa2 63. Rxh4 b3 64. Rh3+ Kc2 65. Rh2+ Kc3 66. Kf5 b2 67. Rh3+ Kc2 68. Rh2+ Kb3 69. Rh1 Nc1 70. Rh3+ Ka2 71. Rh8 b1=Q+ 72. Ke6 Qb3+ 73. Kd6 Qd3+ 74. Kxc5 Qc3+ 75. Kb5 Qxh8 76. Ka4 Qd4+ 77. Kb5 Qc3 0-1


[Site "https://www.chess.com"]

[Event "Titled Tuesday Blitz January 31 Early 2023"]
[White "Machidon, Cristi"]
[Black "Harsh Suresh"]
[WhiteFideId "13904590"]
[BlackFideId "45018464"]
[WhiteElo "2301"]
[BlackElo "2298"]
[Result "0-1"]
[Round "02"]
[TimeControl "180+2"]
[Date "2023.01.31"]
[WhiteClock "0:00:07"]
[BlackClock "0:00:05"]

1. d4 Nf6 2. c4 e6 3. Nf3 b6 4. g3 Bb7 5. Bg2 Bb4+ 6. Bd2 Bxd2+ 7. Qxd2 O-O 8. O-O d6 9. Re1 Nbd7 10. Bf1 Ne4 11. Qc2 f5 12. Nc3 Ndf6 13. Nd2 Nxd2 14. Qxd2 Qe8 15. Bg2 Bxg2 16. Kxg2 Qc6+ 17. d5 Qxc4 18. b3 Qc5 19. dxe6 Rae8 20. Rac1 Qe5 21. e3 Rxe6 22. Ne2 Ne4 23. Qd4 c5 24. Qd3 d5 25. Rcd1 Rd6 26. f3 Nf6 27. Nc3 Rfd8 28. b4 c4 29. Qd4 Qxd4 30. Rxd4 a6 31. Red1 Kf7 32. e4 fxe4 33. fxe4 Ke6 34. exd5+ Nxd5 35. Re1+ Kf7 36. Rxc4 b5 37. Rc5 Nxb4 38. Ne4 Rd5 39. Rc7+ R8d7 40. Ng5+ Kg6 41. Rxd7 Rxd7 42. Nf3 Nd3 43. Re2 Nc5 44. Ne5+ Kf6 45. Nxd7+ Nxd7 46. Rc2 Ne5 47. Rc7 a5 48. Rb7 b4 49. Rb5 Nc4 50. Rc5 Ne3+ 51. Kf3 Nf1 52. Rxa5 Nxh2+ 53. Kf4 h6 54. Ra6+ Kf7 55. Rb6 g5+ 56. Kf5 Nf1 57. Rb7+ Ke8 58. Rxb4 Nxg3+ 59. Ke6 Kd8 60. a4 Kc7 61. a5 Ne2 62. a6 Nf4+ 63. Ke7 Nd5+ 64. Ke6 Nxb4 65. Kf5 Nxa6 0-1


[Site "https://www.chess.com"]

[Event "Titled Tuesday Blitz January 31 Early 2023"]
[White "Urazayev, Arystanbek"]
[Black "Aaditya Dhingra"]
[WhiteFideId "13709810"]
[BlackFideId "25678191"]
[WhiteElo "2460"]
[BlackElo "2027"]
[Result "1-0"]
[Round "02"]
[TimeControl "180+2"]
[Date "2023.01.31"]
[WhiteClock "0:00:06"]
[BlackClock "0:00:01"]

1. d4 c6 2. c4 d5 3. Nf3 Nf6 4. e3 Bf5 5. Nc3 e6 6. Nh4 Bg6 7. Qb3 Qb6 8. Bd2 Nbd7 9. Nxg6 hxg6 10. O-O-O Bd6 11. Be2 Qxb3 12. axb3 Ke7 13. h4 a6 14. Kc2 Rh7 15. g3 Rhh8 16. g4 Rh7 17. g5 Ne8 18. e4 dxc4 19. bxc4 e5 20. dxe5 Bxe5 21. f4 Bc7 22. e5 Nc5 23. b4 Ne6 24. Ne4 Bb6 25. c5 Ba7 26. Bg4 N8c7 27. Nd6 Rb8 28. Kd3 Nd5 29. Ke4 f5+ 30. exf6+ gxf6 31. f5 gxf5+ 32. Bxf5 Rhh8 33. Rde1 fxg5 34. Kd3 Nc7 35. Bxg5+ Kd7 36. Nf7 Rhe8 37. Kc4 b5+ 38. cxb6 Rxb6 39. Ne5+ Kc8 40. Nd3 Kb7 41. Be3 Rb5 42. Bxa7 Kxa7 43. Nc5 Nxc5 44. Rxe8 Nxe8 45. bxc5 Ng7 46. Bd7 Nh5 47. Bxc6 Rb8 48. Bf3 Rh8 49. Rb1 Rh7 50. c6 Nf6 51. Kc5 1-0


[Site "https://www.chess.com"]

[Event "Titled Tuesday Blitz January 31 Early 2023"]
[White "Jakubowski, Krzysztof"]
[Black "Vakhlamov, Igor L."]
[WhiteFideId "1112848"]
[BlackFideId "24126748"]
[WhiteElo "2486"]
[BlackElo "2413"]
[Result "0-1"]
[Round "02"]
[TimeControl "180+2"]
[Date "2023.01.31"]
[WhiteClock "0:00:56"]
[BlackClock "0:02:15"]

1. e4 c5 2. Nf3 e6 3. d4 cxd4 4. Nxd4 Nf6 5. Nc3 Nc6 6. Ndb5 Bc5 7. Nd6+ Ke7 8. Bf4 e5 9. Nf5+ Kf8 10. Be3 Bb4 11. Bd3 d5 12. exd5 Nxd5 13. O-O Nxc3 14. bxc3 Bxc3 15. Bc5+ Kg8 16. Nh6+ gxh6 17. Qe2 0-1


[Site "https://www.chess.com"]

[Event "Titled Tuesday Blitz January 31 Early 2023"]
[White "Martynov, Pavel"]
[Black "Kilic, Eray"]
[WhiteFideId "4101260"]
[BlackFideId "44517173"]
[WhiteElo "2414"]
[BlackElo "2414"]
[Result "0-1"]
[Round "02"]
[TimeControl "180+2"]
[Date "2023.01.31"]
[WhiteClock "0:00:01"]
[BlackClock "0:00:17"]

1. e4 c5 2. Nf3 d6 3. Bb5+ Nd7 4. O-O Nf6 5. Re1 a6 6. Bxd7+ Bxd7 7. c3 Bc6 8. d4 cxd4 9. cxd4 e6 10. d5 Bd7 11. dxe6 Bxe6 12. Nc3 Be7 13. Bf4 O-O 14. Qd2 Qb6 15. Nd5 Bxd5 16. exd5 Rfe8 17. h3 Rac8 18. Rad1 Bf8 19. b3 Qb5 20. Rxe8 Rxe8 21. Bg5 Ne4 22. Qd4 h6 23. Be3 Nc5 24. Rc1 a5 25. Kh2 g6 26. Qc4 Qd7 27. Bxc5 dxc5 28. a4 Bd6+ 29. g3 Qf5 30. Kg2 Re4 31. Qd3 Rb4 32. Rd1 Qf6 33. Nd2 Rd4 34. Ne4 Qe5 35. Qxd4 cxd4 36. Nxd6 Qxd5+ 37. f3 Qxd6 0-1


[Site "https://www.chess.com"]

[Event "Titled Tuesday Blitz January 31 Early 2023"]
[White "Ingebretsen, Jens E"]
[Black "Rakhmatullaev, Almas"]
[WhiteFideId "1522965"]
[BlackFideId "14205793"]
[WhiteElo "2342"]
[BlackElo "2275"]
[Result "1-0"]
[Round "02"]
[TimeControl "180+2"]
[Date "2023.01.31"]
[WhiteClock "0:00:08"]
[BlackClock "0:00:09"]

1. c4 Nf6 2. Nc3 e6 3. Nf3 d5 4. d4 Bb4 5. e3 O-O 6. Bd2 a6 7. Qc2 Nbd7 8. Rd1 h6 9. Bd3 dxc4 10. Bxc4 b5 11. Be2 Bb7 12. O-O Rc8 13. a3 Bd6 14. b4 Qe7 15. e4 e5 16. dxe5 Nxe5 17. Nd4 Nc4 18. Bxc4 bxc4 19. Nf5 Qe6 20. Rfe1 Be5 21. f3 Rfd8 22. Be3 Ne8 23. Nd5 Rd7 24. Bc5 Kh8 25. Nde3 Rcd8 26. Rxd7 Rxd7 27. Qxc4 g6 28. Qxe6 fxe6 29. Ng3 Kg7 30. Rd1 Nd6 31. Kf2 Bf6 32. f4 Nxe4+ 33. Nxe4 Rxd1 34. Nxf6 Rd2+ 35. Ke1 Ra2 36. Ne8+ Kf7 37. Nxc7 Bxg2 38. Nxa6 Bd5 39. Nc7 Be4 40. b5 Bd3 41. b6 Rb2 42. a4 Be4 43. a5 g5 44. fxg5 hxg5 45. a6 g4 46. a7 Rxh2 47. Ned5 Ra2 48. b7 exd5 49. b8=Q g3 50. Qe8+ Kf6 51. Qe6+ Kg5 52. Be3+ Kh4 53. Qh6+ Kg4 54. Qg5+ Kf3 55. Qf4+ Kg2 56. Ne6 Bf3 57. Ng5 Re2+ 58. Kd1 Rxe3+ 59. Kd2 Re2+ 60. Kd3 Rf2 61. Nxf3 Rxf3+ 62. Qxf3+ Kxf3 63. a8=Q g2 64. Qf8+ Kg3 65. Qg7+ Kh2 66. Qh6+ Kg1 67. Ke2 d4 68. Qd2 Kh1 69. Qh6+ Kg1 70. Kf3 d3 71. Qh3 Kf1 72. Qxg2+ Ke1 73. Ke3 Kd1 74. Qd2# 1-0


[Site "https://www.chess.com"]

[Event "Titled Tuesday Blitz January 31 Early 2023"]
[White "Kim, Sergey"]
[Black "Rakhmanov, Aleksandr"]
[WhiteFideId "13700570"]
[BlackFideId "4173708"]
[WhiteElo "2295"]
[BlackElo "2632"]
[Result "0-1"]
[Round "02"]
[TimeControl "180+2"]
[Date "2023.01.31"]
[WhiteClock "0:00:14"]
[BlackClock "0:00:08"]

1. d4 Nf6 2. c4 d6 3. Nc3 e5 4. Nf3 e4 5. Ng5 Qe7 6. h4 h6 7. Nh3 g6 8. Bf4 Bg7 9. e3 O-O 10. Be2 h5 11. Bg5 c6 12. Qc2 Re8 13. O-O-O a6 14. f3 exf3 15. gxf3 b5 16. e4 Nbd7 17. Nf2 Qf8 18. f4 Nh7 19. e5 bxc4 20. Nce4 d5 21. Nd6 Re6 22. Nxc8 Rxc8 23. f5 gxf5 24. Qxf5 c5 25. Bxh5 cxd4 26. Ng4 Nxe5 27. Rhf1 Nd3+ 28. Kb1 Rc7 29. Qxd5 Nxb2 30. Bxf7+ Rxf7 31. Qxe6 Nxd1 32. Nh6+ Bxh6 33. Bxh6 Qb4+ 34. Kc1 Qc3+ 35. Kxd1 Qd3+ 0-1


[Site "https://www.chess.com"]

[Event "Titled Tuesday Blitz January 31 Early 2023"]
[White "Borges Feria, Yasel"]
[Black "Solovchuk, Oleksiy"]
[WhiteFideId "3504921"]
[BlackFideId "14115220"]
[WhiteElo "2439"]
[BlackElo "2303"]
[Result "0-1"]
[Round "02"]
[TimeControl "180+2"]
[Date "2023.01.31"]
[WhiteClock "0:00:16"]
[BlackClock "0:00:25"]

1. d4 Nf6 2. c4 e6 3. Nf3 b6 4. g3 Ba6 5. b3 c6 6. Bg2 d5 7. Nbd2 Nbd7 8. O-O Bd6 9. Bb2 Qc7 10. Rc1 O-O 11. Re1 b5 12. cxb5 Bxb5 13. e4 dxe4 14. Ng5 Bb4 15. a3 Bxd2 16. Qxd2 Bd3 17. Nxe4 Bxe4 18. Bxe4 Nxe4 19. Rxe4 Nf6 20. Rh4 Nd5 21. Qc2 h6 22. Re4 Rfb8 23. Rb1 a5 24. Ree1 Rb6 25. Bc1 Qb7 26. Bd2 a4 27. b4 Nc7 28. Bc3 Nb5 29. Bb2 Qd7 30. Red1 Qd5 31. Qc5 Rba6 32. Qxd5 cxd5 33. Rbc1 Nd6 34. Rc5 Nc4 35. Bc1 Rb6 36. Kf1 Kh7 37. Rd3 Rb7 38. Ke2 g5 39. Rf3 Kg6 40. Rc3 Ra6 41. h3 f5 42. g4 f4 43. Kd3 Kf6 44. Ke2 Ra8 45. Kf3 Rd8 46. Ke2 Re7 47. Kf3 e5 48. dxe5+ Nxe5+ 49. Kg2 d4 50. Rc2 Nd3 51. R5c4 Re6 52. Bb2 Ne1+ 53. Kf1 Nxc2 54. Rxc2 Ke5 55. Rc5+ Ke4 56. Ke2 f3+ 57. Kd2 Rd5 58. Rc8 Ke5 59. Kd3 Kd6 60. Rd8+ Kc6 61. Rc8+ Kb7 62. Rc4 Re2 63. Bxd4 Rxf2 64. Ke4 Rxd4+ 65. Rxd4 Ra2 66. Rd3 f2 67. Rf3 Rxa3 68. Rxf2 Rxh3 69. Rf6 a3 70. Rf7+ Kb6 71. Rf8 Kb5 72. Ra8 Kxb4 73. Rb8+ Kc3 74. Ra8 Kb2 75. Rb8+ Rb3 76. Rd8 a2 77. Rd2+ Ka3 0-1


[Site "https://www.chess.com"]

[Event "Titled Tuesday Blitz January 31 Early 2023"]
[White "Sharapov, Evgeny"]
[Black "Boros, Denes"]
[WhiteFideId "14103133"]
[BlackFideId "722340"]
[WhiteElo "2375"]
[BlackElo "2406"]
[Result "0-1"]
[Round "02"]
[TimeControl "180+2"]
[Date "2023.01.31"]
[WhiteClock "0:00:26"]
[BlackClock "0:00:52"]

1. e4 g6 2. d4 d5 3. exd5 Qxd5 4. Nc3 Qd8 5. Nf3 Bg7 6. Be3 Nh6 7. Qd2 Nf5 8. O-O-O a6 9. Kb1 b5 10. h4 Bb7 11. h5 Nxe3 12. fxe3 Nd7 13. hxg6 hxg6 14. Rxh8+ Bxh8 15. Bd3 Bg7 16. Be4 c6 17. d5 Qc7 18. dxc6 Bxc6 19. Bxc6 Qxc6 20. Nd4 Bxd4 21. Qxd4 O-O-O 22. Nd5 Qd6 23. Qa7 e6 24. Ne7+ Qxe7 25. Qxa6+ Kc7 26. Qa5+ Nb6 27. Rd3 Rxd3 28. cxd3 Qd7 29. Kc2 Qc6+ 30. Kd1 Kb7 31. e4 Qc5 32. Qd2 Qd4 33. Kc2 f5 34. Qg5 fxe4 35. Qxg6 Qxd3+ 36. Kc1 Qc4+ 37. Kd2 Nd5 38. Qxe6 e3+ 39. Ke1 Qc1+ 40. Ke2 Nf4+ 0-1


[Site "https://www.chess.com"]